 Dungeon Crawl Stone Soup version 0.30-a0-390-g80c34de65d (webtiles) character file.

Game seed: 15914680579444350906

47 arthad the Trooper (level 3, -4/24 HPs)
             Began as a Gargoyle Fighter on Dec 4, 2022.
             Slain by a gnoll
             ... wielding a +0 flail
              (5 damage)
             ... on level 2 of the Dungeon.
             The game lasted 00:01:31 (441 turns).

arthad the Trooper (Gargoyle Fighter)                Turns: 441, Time: 00:01:31

Health: -4/24      AC: 10    Str: 21    XL:     3   Next: 70%
Magic:  3/3        EV:  9    Int:  8    God:
Gold:   40         SH:  4    Dex:  9    Spells: 2/2 levels left

rFire   . . .      SeeInvis .    a - +0 flail
rCold   . . .      Faith    .    c - +0 buckler
rNeg    + . .      Spirit   .    b - +0 scale mail
rPois   ∞          Reflect  .    (no helmet)
rElec   +          Harm     .    (no cloak)
rCorr   .          Rampage  .    (no gloves)
Will    +....                    (no boots)
Stlth   ..........               (no amulet)
HPRegen 0.24/turn                i - ring of willpower
MPRegen 0.08/turn                (no ring)

@: mighty
A: sickness immunity, AC +3, negative energy resistance 1, electricity
resistance, torment resistance 1, petrification resistance
a: no special abilities


You were on level 2 of the Dungeon.
You visited 1 branch of the dungeon, and saw 2 of its levels.

You collected 40 gold pieces.

Inventory:

Hand Weapons
 a - a +0 flail (weapon)
Armour
 b - a +0 scale mail (worn)
 c - a +0 buckler (worn)
Jewellery
 i - a ring of willpower (left hand)
 n - a +4 ring of evasion
Scrolls
 e - a scroll of fog {unknown}
 h - a scroll of fear {unknown}
 j - a scroll of enchant weapon {unknown}
 l - a scroll of teleportation {unknown}
 o - a scroll of identify {unknown}
Potions
 f - a potion of haste {unknown}
 g - a potion of berserk rage {unknown}
 k - a potion of invisibility {unknown}
 m - a potion of mutation {unknown}


   Skills:
 + Level 3.8 Fighting
 + Level 2.5 Maces & Flails
 + Level 3.8 Armour
 + Level 3.8 Shields


You had 2 spell levels left.
You didn't know any spells.
Your spell library contained the following spells:

 Spells                   Type           Power      Damage    Failure   Level
 Hailstorm                Conj/Ice       0%         3d3       99%         3
 Ice Form                 Ice/Tmut       0%         N/A       100%        4
 Simulacrum               Ice/Necr       0%         N/A       100%        6


Dungeon Overview and Level Annotations

Branches:
Dungeon (2/15)

Altars:


Innate Abilities, Weirdness & Mutations

You are immune to sickness and miasma.
Your stone body is resilient. (AC +3)
You are immune to poison.
You resist negative energy. (rN+)
You are resistant to electric shocks. (rElec)
You are resistant to unholy torment.
You are immune to petrification.


Message History

Your experience leads to an increase in your attributes!
Increase (S)trength, (I)ntelligence, or (D)exterity?
You feel stronger. x2
You hit the gnoll.
The gnoll is lightly wounded.
The adder closely misses you. The quokka closely misses you.
You block the gnoll's attack.
The gnoll hits you from afar with a +0 spear.
The adder closely misses you.
You sock the gnoll!
You kill the gnoll!
The quokka barely misses you. The adder closely misses you.
You block the gnoll's attack. The quokka closely misses you.
The adder closely misses you. The gnoll barely misses you.
Unknown command.
Unknown command.
You sock the adder!
You kill the adder!
The quokka barely misses you. The gnoll barely misses you.
The quokka bites you but does no damage.
You see here an adder corpse.
You hit the gnoll.
The gnoll is moderately wounded.
The quokka bites you but does no damage.
The gnoll hits you with a +0 spear.
* * * LOW HITPOINT WARNING * * *
You block the quokka's attack.
You hit the gnoll.
The gnoll is moderately wounded.
The gnoll hits you with a +0 flail.
* * * LOW HITPOINT WARNING * * *
The gnoll hits you but does no damage. The quokka closely misses you.
The gnoll hits you but does no damage. You block the gnoll's attack.
Unknown command.
Unknown command.
You closely miss the gnoll.
The gnoll is moderately wounded.
The quokka bites you but does no damage.
The gnoll hits you with a +0 flail.
You die...

#..... #####.....
##......... #
#..###..... #. ##.#
#†.... ..#..####†....
####..............
#..####)r..###.....#.###
#....g@#### #.....#.#
######g######.....#.#
#......###.###.#
##.####.##..## .# #..#
#.##...# .#
...g.g..#####.##.#.# .#
...###...........#..#
...#########.##... ##.#
#.# #..#


You could see 2 gnolls and a quokka.

Vanquished Creatures
  2 gnolls (D:2)
  An adder (D:2)
  An endoplasm (D:1)
  A giant cockroach (D:1)
  2 goblins (D:1)
  3 hobgoblins (D:1)
  3 jackals (D:2)
  3 bats (D:1)
  A frilled lizard (D:1)
  3 rats (D:1)
20 creatures vanquished.

Notes
Turn   | Place    | Note
-------+----------+-------------------------------------------
     0 | D:1      | arthad the Gargoyle Fighter began the quest for the Orb.
     0 | D:1      | Reached XP level 1. HP: 14/14 MP: 1/1
    76 | D:1      | Reached XP level 2. HP: 14/19 MP: 2/2
   435 | D:2      | Reached XP level 3. HP: 11/23 MP: 3/3
   440 | D:2      | HP: 1/24 [gnoll/+0 flail (4)]
   441 | D:2      | Slain by a gnoll

Illustrated notes

Levels and vault maps discovered:
D:1:      dpeg_arrival_tiny_d, layout_rooms
D:2:      layout_rooms, basic_ecumenical_altar

Action                   || total
-------------------------++-------
Melee: Flail             ||    60
  Use: Potion            ||     1
Armor: Scale mail        ||    34
Dodge: Dodged            ||    52
Block: Buckler           ||    20

Table legend: (Time is in decaauts)
 A = Elapsed time spent in this place.
 B = Non-inter-level travel time spent in this place.
 C = Inter-level travel time spent in this place.
 D = Time resting spent in this place.
 E = Time spent auto-exploring this place.
 F = Levels seen in this place.
 G = Mean time per level.
                   A        B        C        D        E       F      G
               +--------+--------+--------+--------+--------+-----+--------+
         Total |    460 |    434 |     26 |     13 |    278 |   2 |  230.0 |
       Dungeon |    460 |    434 |     26 |     13 |    278 |   2 |  230.0 |
               +--------+--------+--------+--------+--------+-----+--------+

Top non-repeatable levels by time:
     D:1: 391 daAuts
     D:2: 68 daAuts
